Map: Lightshade LE

Players

Denver

  • Race: Zerg Zerg

Reynor - Winner!

  • Race: Zerg Zerg

Event: DreamHack SC2 Masters 2021 Winter

VOD

Have the link to the VOD?

Description

Time

  • Played on: Oct. 7, 2021, 9:25 a.m.
  • Length: 5:58

All games in this series

Show
View Real Time Build Order
Export as new Build Order

Denver Zerg 

Build Orders: Hatch First 

Get SALT Encoding   

  12  0:00  Drone  
  13  0:12  Overlord  
  13  0:16  Drone  
  14  0:31  Drone x2  
  16  0:47  Hatchery  
  15  0:51  Drone  
  15  0:55  Drone  
  17  0:58  Drone  
  18  1:09  Extractor  
  17  1:13  Spawning Pool  
  17  1:17  Drone  
  17  1:21  Drone  
  18  1:28  Drone  
  19  1:39  Drone  
  20  1:50  Drone  
  21  2:00  Queen x2  
  25  2:02  Drone x2  
  27  2:11  Overlord  
  27  2:12  Drone  
  28  2:20  Drone, Evolution Chamber  
  28  2:30  Drone  
  28  2:32  Drone x2  
  28  2:36  Queen  
  33  2:46  Evolution Chamber  
  32  2:55  Drone x4  
  36  3:05  Overlord  
  36  3:11  Overlord  
  36  3:16  Lair  
  36  3:19  Extractor  
  35  3:21  Drone  
  35  3:23  Drone x6  
  42  3:32  Roach Warren  
  41  3:35  Drone x2  
  41  3:37  Extractor  
  41  3:39  Extractor  
  41  3:41  Drone x3  
  42  3:46  Evolution Chamber  
  42  3:47  Drone x4  
  47  3:58  Zerg Ground Armor Level 1  
  47  4:05  Drone x2  
  49  4:14  Spire  
  49  4:15  Overlord x2  
  49  4:16  Zergling x4  
  50  4:24  Drone  
  51  4:33  Zergling x2  
  52  4:39  Drone x2  
  52  4:45  Hatchery  
  53  4:50  Drone x2  
  55  4:54  Overlord  
  55  4:55  Overlord  
  55  5:04  Drone  
  56  5:07  Spine Crawler  
  55  5:19  Spine Crawler  
  54  5:27  Mutalisk x7  
  68  5:38  Evolution Chamber  
  68  5:40  Zergling x2  
  68  5:41  Zergling x8  
  67  5:43  Evolution Chamber  
Show
View Real Time Build Order
Export as new Build Order

Reynor Zerg - Winner!

Build Orders: Hatch First 

Get SALT Encoding   

  12  0:03  Drone  
  13  0:13  Overlord  
  13  0:17  Drone  
  14  0:32  Drone x2  
  16  0:48  Hatchery  
  15  0:51  Drone  
  15  0:55  Drone  
  17  1:00  Drone  
  18  1:09  Extractor  
  17  1:14  Spawning Pool  
  17  1:17  Drone  
  17  1:20  Drone  
  18  1:29  Drone  
  19  1:40  Drone  
  20  1:54  Drone  
  20  2:00  Queen  
  20  2:01  Queen  
  25  2:02  Zergling x2  
  25  2:03  Drone  
  27  2:09  Metabolic Boost  
  27  2:12  Overlord  
  27  2:14  Drone  
  28  2:31  Drone x2  
  28  2:34  Hatchery  
  28  2:36  Drone  
  30  2:39  Drone  
  31  2:46  Drone, Overlord  
  32  2:54  Drone  
  32  2:56  Drone  
  33  3:03  Queen  
  33  3:04  Drone, Baneling Nest  
  35  3:10  Drone, Evolution Chamber  
  35  3:12  Drone  
  36  3:16  Drone  
  36  3:17  Drone  
  36  3:19  Drone  
  39  3:23  Overlord  
  39  3:27  Zergling x2  
  39  3:28  Zergling x2  
  39  3:30  Drone  
  39  3:32  Drone  
  43  3:36  Zerg Melee Weapons Level 1  
  43  3:43  Drone  
  43  3:45  Overlord  
  45  3:48  Zergling x6  
  45  3:53  Zergling x2  
  48  3:58  Zergling x4  
  50  4:05  Overlord  
  50  4:07  Drone  
  50  4:08  Drone  
  52  4:10  Roach Warren  
  52  4:11  Zergling x6  
  52  4:16  Drone x3  
  52  4:17  Drone  
  58  4:18  Drone  
  59  4:25  Drone  
  60  4:32  Extractor  
  60  4:33  Overlord  
  60  4:34  Baneling x2  
  60  4:36  Zergling x4  
  60  4:40  Zergling x4  
  60  4:45  Baneling x2  
  63  4:46  Roach Warren  
  63  4:50  Zergling x2  
  63  4:51  Zergling x18  
  72  4:57  Overlord  
  72  4:58  Zergling x2  
  73  5:02  Overlord  
  73  5:04  Zergling x2  
  73  5:06  Zergling x2  
  75  5:08  Baneling x3  
  75  5:11  Baneling x5  
  75  5:13  Baneling  
  75  5:15  Zergling x2  
  75  5:18  Zergling x4  
  75  5:20  Zergling x2  
  79  5:25  Overlord  
  79  5:28  Zergling x2  
  79  5:32  Zergling x2  
  81  5:37  Zergling x2  
  81  5:39  Baneling  
  81  5:40  Baneling x5  

Tags
 
Add a new tag
Caveats
  • Supply blocks, unpowered buildings, or Contaminate may cause inaccurate times.
  • Supply counts are checked every 10 seconds.